 Dungeon Crawl Stone Soup version 0.30-a0-368-g86fb4627a9 (webtiles) character file.

Game seed: 684723752718823679

4542 retardedninja the Fighter (level 10, -4/138 HPs)
             Began as a Minotaur Fighter on Nov 18, 2022.
             Was an Initiate of Gozag.
             Constricted to death by Amaemon (9 damage)
             ... on level 8 of the Dungeon.
             The game lasted 00:09:44 (6228 turns).

retardedninja the Fighter (Minotaur Fighter)        Turns: 6228, Time: 00:09:45

Health: -4/138     AC: 25    Str: 26    XL:     10   Next: 17%
Magic:  9/9        EV: -1    Int:  5    God:    Gozag
Gold:   494        SH:  6    Dex:  9    Spells: 9/9 levels left

rFire   . . .      SeeInvis .    a - +0 war axe
rCold   . . .      Faith    .    c - +0 buckler
rNeg    . . .      Spirit   .    (body armour currently unavailable)
rPois   +          Reflect  .    (helmet currently unavailable)
rElec   .          Harm     .    (cloak currently unavailable)
rCorr   .          Rampage  .    (gloves currently unavailable)
Will    .....      NoTele   +    (boots currently unavailable)
Stlth   +.........               (no amulet)
HPRegen 0.43/turn                (no ring)
MPRegen 0.11/turn                (no ring)

@: mighty, lethally poisoned (-4 -> -6), tree-form, grasped by roots, gold aura,
slowed, constricted, very slow
A: stationary, stasis, torment immunity, boosted hp, (horns 2), (retaliatory
headbutt)
a: Renounce Religion, Potion Petition, Call Merchant, Bribe Branch


You were on level 8 of the Dungeon.
You worshipped Gozag.
Gozag was aware of your devotion.
You were a tree.
You visited 2 branches of the dungeon, and saw 9 of its levels.
You also visited: Sewer.

You collected 912 gold pieces.
You spent 334 gold pieces at shops.
You paid 84 gold pieces to Gozag.

Inventory:

Hand Weapons
 a - a +0 war axe (weapon)
 C - a +4 battleaxe of distortion
Missiles
 o - 5 javelins (quivered)
Armour
 c - a +0 buckler (worn)
 l - the +15 Maxwell's patent armour (melded) {-Cast -Tele rElec Will+ rCorr}
   (You found it on level 3 of the Dungeon)

   rElec:     It insulates you from electricity.
   -Cast:     It prevents spellcasting.
   -Tele:     It prevents most forms of teleportation.
   rCorr:     It protects you from acid and corrosion.
   Will:      It increases your willpower.
 t - a +0 cloak (melded)
 u - a +0 pair of boots of stealth (melded)
Jewellery
 m - a ring of ice
 v - an amulet of guardian spirit
 D - a ring of protection from cold
Wands
 j - a wand of flame (26)
 n - a wand of polymorph (7)
 r - a wand of paralysis (2)
Scrolls
 b - a scroll of fear {unknown}
 f - 5 scrolls of identify {unknown}
 g - 5 scrolls of teleportation {unknown}
 i - 3 scrolls of immolation {unknown}
 k - 2 scrolls of enchant weapon {unknown}
 q - a scroll of enchant armour {unknown}
 w - a scroll of amnesia {unknown}
 y - a scroll of poison {unknown}
 A - a scroll of magic mapping
Potions
 d - a potion of might
 e - 2 potions of haste {unknown}
 h - 2 potions of flight
 s - a potion of brilliance {unknown}
 x - 2 potions of lignification
 z - 2 potions of attraction {unknown}
 B - a potion of cancellation {unknown}


   Skills:
 + Level 9.7 Fighting
 + Level 9.2 Axes
 + Level 9.6 Armour
 + Level 9.7 Shields


You had 9 spell levels left.
You didn't know any spells.
Your spell library contained the following spells:

 Spells                   Type           Power      Damage    Failure   Level
 Apportation              Tloc           0%         N/A       54%         1
 Magic Dart               Conj           0%         1d3       54%         1
 Sandblast                Erth           0%         2d4       54%         1
 Passwall                 Tmut/Erth      0%         N/A       69%         2
 Searing Ray              Conj           0%         2d4       69%         2
 Stone Arrow              Conj/Erth      0%         3d7       89%         3
 Fulminant Prism          Conj/Hex       0%         3d5       100%        4
 Passage of Golubria      Tloc           0%         N/A       100%        4
 Alistair's Intoxication  Tmut/Pois      0%         N/A       100%        5
 Silence                  Hex/Air        0%         N/A       100%        5
 Lehudib's Crystal Spear  Conj/Erth      0%         10d2      100%        8


Dungeon Overview and Level Annotations

Branches:
Dungeon (8/15)             Temple (1/1) D:5           Sewer (visited)
   Lair: D:8-11

Altars:
Ashenzari
Cheibriados
Dithmenos
Elyvilon
Fedhas
Gozag
Hepliaklqana
Makhleb
Nemelex Xobeh
Okawaru
Qazlal
Ru
Sif Muna
Uskayaw
Vehumet
Wu Jian
Xom
Zin
The Shining One

Shops:
D:1 *   D:4 =[[**

Annotations:
D:8 Amaemon


Innate Abilities, Weirdness & Mutations

You are a tree.
Your roots penetrate the ground, keeping you stationary.
You cannot be teleported.
You are immune to unholy pain and torment.
Your maximum health is greatly increased.
Your equipment is partially melded.
((You have a pair of horns on your head.))
((You reflexively headbutt those who attack you in melee.))


Message History

Amaemon is severely wounded.
You slash the scorpion!
You kill the scorpion!
The scorpion's corpse disappears in a puff of smoke!
You slash the kobold brigand! You hit the kobold.
You kill the kobold!
You feel very sick. Amaemon completely misses you.
Amaemon claws you but does no damage. Amaemon barely misses you.
The kobold brigand hits you but does no damage.
The kobold brigand is distracted by your dazzling golden aura.
Amaemon zaps a wand.
The roots erupt in riotous growth!
The grasping roots grab you!
Amaemon is unaffected.
The kobold brigand shouts!
The kobold brigand is unaffected.
The grasping roots constrict you.
You hear a shout!
You closely miss Amaemon.
Amaemon is severely wounded.
You slash the kobold brigand!
You kill the kobold brigand!
You feel sick.
Amaemon gestures wildly while chanting.
The grasping roots constrict you!
* * * LOW HITPOINT WARNING * * *
You block Amaemon's attack. Amaemon claws you but does no damage.
Amaemon tail-slaps you but does no damage.
The grasping roots constrict you.
* * * LOW HITPOINT WARNING * * *
Unknown command.
It was a potion of lignification.
You turn into a tree.
Your +0 cloak melds into your body.
Your +0 pair of boots of stealth melds into your body.
The +15 Maxwell's patent armour {-Cast -Tele rElec Will+ rCorr} melds into your body.
You feel less stealthy.
Your roots penetrate the ground.
You feel sick.
The scorpion is distracted by your dazzling golden aura.
Amaemon gestures at the scorpion while chanting.
The scorpion seems to grow toxic.
The grasping roots constrict you!
You die...
Your body crumbles into a pile of gold.

########## #..#......
#........# #........#
#........# #.........
#........# #.........
#........###..##.....
#..............).....
#...................)
#.s$$....<...........
#.s6♣................
#..$$$..........#####
..........##.......#
..........##.......#
..........##.......#
..........##.......#
..........#####+#+#..
........... ... ...


You could see Amaemon and 2 scorpions.

Vanquished Creatures
  Pikel (D:4)
  An orange demon (D:8)
  A hornet (D:8)
  5 yaks (D:6)
  3 water moccasins
  2 ice beasts (D:5)
  3 sky beasts
  2 black bears
  An orc warrior (D:4)
  2 centaurs
  An ogre (D:5)
  A phantom (D:6)
  3 lemures (D:4)
  A kobold brigand (D:8)
  A necrophage (D:6)
  A bullfrog (D:6)
  4 scorpions
  3 wights (D:7)
  6 hounds
  3 orc priests
  2 jellies
  Ijyb (D:3)
  Terence (D:2)
  Natasha (thrice) (D:2)
  6 iguanas
  4 orc wizards
  4 gnolls (D:6)
  5 adders
  An ufetubus (D:5)
  10 worms
  3 dart slugs
  26 orcs
  5 ball pythons
  7 endoplasms
  4 giant cockroaches
  3 hobgoblins
  7 kobolds
  4 quokkas
  9 bats
  9 frilled lizards
  8 goblins
  6 rats
173 creatures vanquished.

Vanquished Creatures (others)
  7 plants (D:6)
7 creatures vanquished.

Grand Total: 180 creatures vanquished

Notes
Turn   | Place    | Note
-------+----------+-------------------------------------------
     0 | D:1      | retardedninja the Minotaur Fighter began the quest for the
                  | Orb.
     0 | D:1      | Reached XP level 1. HP: 19/19 MP: 0/0
   129 | D:1      | Reached XP level 2. HP: 22/27 MP: 1/1
   282 | D:1      | Found Ridigo Ahen's General Store.
   454 | D:2      | Reached XP level 3. HP: 33/33 MP: 2/2
   518 | D:2      | Noticed Terence
   529 | D:2      | Killed Terence
   815 | D:2      | Found a faded altar of an unknown god.
   858 | D:2      | Reached XP level 4. HP: 34/41 MP: 3/3
  1264 | D:2      | Noticed Natasha
  1276 | D:2      | Killed Natasha
  1417 | D:2      | Noticed Natasha
  1439 | D:2      | Killed Natasha
  1515 | D:2      | Noticed Natasha
  1527 | D:2      | Killed Natasha
  1528 | D:2      | Reached XP level 5. HP: 45/47 MP: 4/4
  1942 | D:3      | Found the +15 Maxwell's patent armour {-Cast -Tele rElec
                  | Will+ rCorr}
  1985 | D:3      | Reached skill level 5 in Fighting
  1990 | D:3      | Found a glowing drain.
  1998 | Sewer    | Entered a sewer
  2029 | Sewer    | Noticed a water moccasin
  2042 | Sewer    | Killed a water moccasin
  2043 | Sewer    | Reached skill level 5 in Armour
  2043 | Sewer    | Reached skill level 5 in Shields
  2043 | Sewer    | Reached XP level 6. HP: 45/56 MP: 5/5
  2331 | D:3      | Noticed Ijyb
  2332 | D:3      | Paralysed by Ijyb for 3 turns
  2337 | D:3      | Killed Ijyb
  2443 | D:3      | Found an iron altar of Okawaru.
  2594 | D:4      | Noticed an orc warrior
  2594 | D:4      | Found Ufroe's Assorted Antiques.
  2605 | D:4      | Killed an orc warrior
  2638 | D:4      | Found Unwiticeez's Armour Shoppe.
  2691 | D:4      | Bought a +0 cloak for 49 gold pieces
  2715 | D:4      | Found Fausen's Antique Armour Emporium.
  2715 | D:4      | Noticed Pikel
  2740 | D:4      | Killed Pikel
  2741 | D:4      | Reached skill level 5 in Axes
  2741 | D:4      | Reached XP level 7. HP: 14/64 MP: 6/6
  3231 | D:4      | Found Samnu's Jewellery Boutique.
  3350 | D:4      | Reached XP level 8. HP: 68/71 MP: 7/7
  3419 | D:4      | Found Inateg's Assorted Antiques.
  3730 | D:5      | Entered Level 5 of the Dungeon
  3778 | D:5      | Found a staircase to the Ecumenical Temple.
  3803 | Temple   | Entered the Ecumenical Temple
  3965 | Temple   | Became a worshipper of Gozag Ym Sagoz the Greedy
  4431 | D:6      | Found a sparkling altar of Nemelex Xobeh.
  4518 | D:6      | Reached XP level 9. HP: 81/81 MP: 8/8
  5551 | D:4      | Bought a runed battleaxe for 285 gold pieces
  5806 | D:7      | Reached XP level 10. HP: 85/91 MP: 9/9
  6051 | D:7      | Found a glowing golden altar of the Shining One.
  6207 | D:8      | Noticed an orange demon
  6208 | D:8      | Noticed Amaemon
  6217 | D:8      | Killed an orange demon
  6227 | D:8      | HP: 4/92 [constriction (1)]
  6228 | D:8      | Constricted to death by Amaemon

Illustrated notes

Levels and vault maps discovered:
D:1:      dpeg_arrival_rooms_b, layout_rooms, serial_shops, shop
D:2:      layout_loops_ring, dreamdust_ecumenical_altar_statues,
          grunt_ministairs_15, solitary_fountain, uniq_natasha, uniq_terence
D:3:      layout_basic, marbit_many_paths, lightli_sewer_entry_pipes, uniq_ijyb
D:4:      layout_gridville, serial_shops,
          nicolae_shop_competitors_out_of_business, shop,
          nicolae_shop_overgrown_old_shop, nicolae_square_shop,
          nicolae_shop_stone, uniq_pikel
D:5:      layout_rooms, minmay_temple_entry_statues_pillars
D:6:      kennysheep_six_static_rooms, layout_basic,
          mainiacjoe_overflow_catwalk, minmay_lizard_king
D:7:      layout_rooms, mainiacjoe_overflow_24_doors
D:8:      layout_basic, minitemple, uniq_amaemon
Temple:   minmay_temple_bridge_d

Skill      XL: |  1  2  3  4  5  6  7  8  9 |
---------------+----------------------------+-----
Armour         | 4 5 6 7 9 |  9.6
Fighting       | 4 5 6 8 9 |  9.7
Axes           | 3 4 5 6 7 9 |  9.2
Shields        | 4 5 6 7 9 |  9.7

Action                   |  1- 3 |  4- 6 |  7- 9 | 10-12 || total
-------------------------+-------+-------+-------+-------++-------
Melee: War axe           |    51 |   147 |   279 |    20 ||   497
       Headbutt          |     9 |    28 |    43 |     3 ||    83
       Unarmed           |       |    30 |       |       ||    30
  Use: Scroll            |       |     1 |       |       ||     1
       Potion            |       |     1 |       |     6 ||     7
 Stab: Distracted        |       |       |     3 |       ||     3
Armor: Scale mail        |    22 |    32 |       |       ||    54
       Plate armour      |       |    78 |   246 |    79 ||   403
Dodge: Dodged            |    29 |    83 |    91 |    15 ||   218
Block: Buckler           |     8 |    37 |    61 |    17 ||   123

Table legend: (Time is in decaauts)
 A = Elapsed time spent in this place.
 B = Non-inter-level travel time spent in this place.
 C = Inter-level travel time spent in this place.
 D = Time resting spent in this place.
 E = Time spent auto-exploring this place.
 F = Levels seen in this place.
 G = Mean time per level.
                   A        B        C        D        E       F      G
               +--------+--------+--------+--------+--------+-----+--------+
         Total |   6412 |   6050 |    362 |    934 |   3797 |  10 |  641.2 |
       Dungeon |   6053 |   5789 |    264 |    934 |   3597 |   8 |  756.6 |
        Temple |    233 |    135 |     98 |      0 |    121 |   1 |  233.0 |
         Sewer |    125 |    125 |      0 |      0 |     79 |   1 |  125.0 |
               +--------+--------+--------+--------+--------+-----+--------+

Top non-repeatable levels by time:
     D:2: 1275 daAuts
     D:4: 1223 daAuts
     D:6: 1138 daAuts
     D:3: 857 daAuts
     D:7: 525 daAuts
     D:5: 476 daAuts
     D:1: 442 daAuts
  Temple: 233 daAuts
   Sewer: 125 daAuts
     D:8: 114 daAuts
